 Dungeon Crawl Stone Soup version 0.29.1-15-g9cfb28693d (webtiles) character file.

Game seed: 13029939565319698851

1488 EarthwalkerPL the Chopper (level 8, 0/73 HPs)
             Began as a Hill Orc Fighter on Apr 8, 2023.
             Was a Follower of Okawaru.
             Slain by a gnoll
             ... wielding a +0 spear
             ... led by a gnoll sergeant
              (3 damage)
             ... on level 6 of the Dungeon.
             The game lasted 00:11:39 (5838 turns).

EarthwalkerPL the Chopper (Hill Orc Fighter)        Turns: 5838, Time: 00:11:41

Health: 0/73       AC:  9    Str: 21    XL:     8   Next: 80%
Magic:  9/9        EV: 13    Int:  8    God:    Okawaru [*.....]
Gold:   210        SH:  5    Dex: 10    Spells: 7/7 levels left

rFire   + . .      SeeInvis .   a - +0 war axe
rCold   + . .      Faith    .   c - +0 buckler
rNeg    . . .      Spirit   .   b - +0 scale mail
rPois   .          Reflect  .   r - +0 helmet
rElec   .          Harm     .   k - scarf {rC+ rF+}
rCorr   .          Rampage  .   (no gloves)
Will    .....                   (no boots)
Stlth   ..........              z - amulet of regeneration
HPRegen 1.02/turn               e - ring of flight
MPRegen 0.11/turn               m - +4 ring of evasion

@: lethally poisoned (0 -> -1), flying, slowed, very slow
A: no striking features
a: Renounce Religion, Heroism


You were on level 6 of the Dungeon.
You worshipped Okawaru.
Okawaru was aware of your devotion.
You visited 2 branches of the dungeon, and saw 7 of its levels.
You also visited: Ossuary.

You collected 210 gold pieces.

Inventory:

Hand Weapons
 a - a +0 war axe (weapon)
Missiles
 i - 7 poisoned darts (quivered)
 D - a throwing net
 F - 4 boomerangs
Armour
 b - a +0 scale mail (worn)
 c - a +0 buckler (worn)
 k - a scarf of resistance (worn)
 r - a +0 helmet (worn)
Jewellery
 e - a ring of flight (left hand)
 m - a +4 ring of evasion (right hand)
 v - an amulet of faith
 z - an amulet of regeneration (around neck)
Wands
 q - a wand of digging (2)
Scrolls
 f - 4 scrolls of poison
 g - 7 scrolls of teleportation
 p - a scroll of vulnerability
 u - a scroll of summoning
 x - a scroll of blinking
 y - 2 scrolls of amnesia {unknown}
 A - a scroll of magic mapping
 B - a scroll of noise {unknown}
 E - 2 scrolls of identify
Potions
 d - 2 potions of might
 h - a potion of resistance {unknown}
 j - 2 potions of lignification {unknown}
 l - a potion of mutation {unknown}
 n - 5 potions of curing {unknown}
 o - 3 potions of haste {unknown}
 s - 4 potions of brilliance {unknown}
 t - a potion of flight {unknown}
 w - 3 potions of attraction {unknown}
 C - a potion of degeneration {unknown}


   Skills:
 * Level 7.4 Fighting
 * Level 7.4 Axes
 + Level 1.4 Throwing
 * Level 6.7 Armour
 + Level 1.2 Dodging
 + Level 5.3 Shields
 + Level 2.2 Invocations


You had 7 spell levels left.
You didn't know any spells.
Your spell library contained the following spells:

 Spells                   Type           Power      Damage    Failure   Level
 Apportation              Tloc           0%         N/A       80%         1
 Necrotise                Necr           0%         1d4       80%         1
 Slow                     Hex            0%         N/A       80%         1
 Sting                    Tmut/Pois      0%         1d3       80%         1
 Poisonous Vapours        Pois/Air       0%         N/A       91%         2
 Confusing Touch          Hex            0%         N/A       99%         3
 Gell's Gravitas          Tloc           0%         N/A       99%         3
 Lesser Beckoning         Tloc           0%         N/A       99%         3
 Teleport Other           Tloc           0%         N/A       99%         3
 Vampiric Draining        Necr           0%         2d6       99%         3
 Olgreb's Toxic Radiance  Pois           0%         N/A       100%        4
 Agony                    Necr           0%         N/A       100%        5
 Dispersal                Tloc           0%         N/A       100%        6
 Disjunction              Tloc           0%         N/A       100%        8
 Summon Small Mammal      Summ           Unusable   N/A       N/A         1

Dungeon Overview and Level Annotations

Branches:
Dungeon (6/15)             Temple (1/1) D:5         Ossuary (visited)

Altars:
Ashenzari
Cheibriados
Elyvilon
Fedhas
Gozag
Nemelex Xobeh
Okawaru
Qazlal
Ru
Trog
Uskayaw
Vehumet
Wu Jian
Xom
Yredelemnul
Zin

Annotations:
D:3 1 runed translucent door, vvl's ghost, amateur DsEE


Message History

You slash the hound!
You kill the hound!
Okawaru accepts your kill.
You start resting.
HP restored.
You fly downwards.
The gnoll closely misses you.
The gnoll sergeant hits you from afar with a +6 spear of distortion!
You blink.
The gnoll barely misses you.
You barely miss the gnoll. The gnoll closely misses you.
You block the gnoll's attack.
The gnoll hits you from afar with a +0 spear.
The gnoll hits you with a +0 spear. The gnoll hits you with a +0 flail.
You block the gnoll's attack. The gnoll hits you with a +0 spear.
The gnoll sergeant hits you from afar with a +6 spear of distortion!
Space warps horribly around you!! The gnoll attacks as you move away!
The gnoll barely misses you. The gnoll attacks as you move away!
The gnoll hits you but does no damage.
The gnoll throws a curare-tipped dart.
The curare-tipped dart barely misses you.
The gnoll hits you but does no damage. The gnoll sergeant barely misses you.
The gnoll sergeant hits you with a +6 spear of distortion.
* * * LOW HITPOINT WARNING * * *
Space warps around you.
* * * LOW HITPOINT WARNING * * *
You hit the gnoll sergeant but do no damage.
You closely miss the gnoll. You slash the gnoll! The gnoll closely misses you.
The gnoll throws a curare-tipped dart.
The curare-tipped dart hits you.
You are poisoned.
You have difficulty breathing.
* * * LOW HITPOINT WARNING * * *
You feel yourself slow down. The gnoll hits you but does no damage.
The gnoll sergeant closely misses you.
You slash the gnoll sergeant!
The gnoll sergeant is moderately wounded.
You barely miss the gnoll. You slash the gnoll!
You feel sick. The gnoll hits you with a +0 flail!
* * * LOW HITPOINT WARNING * * *
The gnoll hits you from afar with a +0 spear.
You die...

#.....#...##
#..........#
#.........######
#.........##...#
######........gg....
##...##...##....#....
#....##...##...##....
#...g.....##...##...#
#...@.g....#...#....#
#..†gg.....#...##...#
#.<†.##...##...######
#....##...##....
##...##...##...##
######...# ..... ...
.....# ... ....


You could see a gnoll sergeant and 3 gnolls.

Vanquished Creatures
  A komodo dragon (D:6)
  An ice beast (D:5)
  2 ogres
  2 bullfrogs (D:6)
  3 elf zombies (Ossuary)
  A scorpion (D:6)
  2 centaur zombies (Ossuary)
  5 hounds
  A human zombie (Ossuary)
  A jelly (D:4)
  Jessica (D:2)
  An orc wizard (D:5)
  2 mummies (Ossuary)
  4 gnolls
  5 adders
  2 shadow imps (D:5)
  2 ufetubi
  2 adder zombies (Ossuary)
  A worm (D:2)
  11 orcs
  5 bats
  7 endoplasms
  2 giant cockroaches
  8 goblins
  5 hobgoblins
  2 jackals (D:3)
  4 quokkas
  7 ball pythons
  7 frilled lizards
  A goblin zombie (Ossuary)
  10 hobgoblin zombies (Ossuary)
  2 jackal zombies (Ossuary)
  7 kobolds
  6 kobold zombies (Ossuary)
  10 orc zombies (Ossuary)
  7 rats
  A rat zombie (D:4)
141 creatures vanquished.

Vanquished Creatures (others)
  A dart slug (D:1)
  19 plants
20 creatures vanquished.

Grand Total: 161 creatures vanquished

Notes
Turn   | Place    | Note
-------+----------+-------------------------------------------
     0 | D:1      | EarthwalkerPL the Hill Orc Fighter began the quest for the
                  | Orb.
     0 | D:1      | Reached XP level 1. HP: 19/19 MP: 1/1
    25 | D:1      | Reached XP level 2. HP: 24/27 MP: 2/2
   172 | D:1      | Reached XP level 3. HP: 33/33 MP: 3/3
  1259 | D:2      | Reached XP level 4. HP: 33/41 MP: 4/4
  1694 | D:2      | Noticed Jessica
  1993 | D:2      | Killed Jessica
  2127 | D:2      | Reached XP level 5. HP: 47/47 MP: 5/5
  2585 | D:3      | Found a hide-covered altar of Uskayaw.
  2731 | D:3      | Found a faded altar of an unknown god.
  2936 | D:3      | Found a runed translucent door.
  2942 | D:3      | Noticed vvl's ghost (amateur DsEE)
  2996 | D:3      | Found a broken altar of Ashenzari.
  3234 | D:4      | Reached skill level 5 in Fighting
  3264 | D:4      | Found a sand-covered staircase.
  3318 | Ossuary  | Entered an ossuary
  3524 | Ossuary  | Reached XP level 6. HP: 35/56 MP: 6/6
  3541 | Ossuary  | Reached skill level 5 in Axes
  3659 | Ossuary  | Reached skill level 5 in Armour
  3887 | Ossuary  | Reached XP level 7. HP: 58/62 MP: 7/7
  4599 | D:5      | Entered Level 5 of the Dungeon
  4669 | D:5      | Found a white marble altar of Elyvilon.
  4827 | D:5      | Found a staircase to the Ecumenical Temple.
  4837 | Temple   | Entered the Ecumenical Temple
  5005 | Temple   | Became a worshipper of Warmaster Okawaru
  5466 | D:5      | Reached skill level 5 in Shields
  5466 | D:5      | Reached XP level 8. HP: 71/71 MP: 8/8
  5611 | D:6      | Reached * piety under Okawaru
  5612 | D:6      | Reached skill level 1 in Invocations
  5628 | D:6      | Noticed a komodo dragon
  5655 | D:6      | Killed a komodo dragon
  5656 | D:6      | Reached skill level 1 in Throwing
  5656 | D:6      | Reached skill level 1 in Dodging
  5838 | D:6      | HP: 3/73 [gnoll/+0 flail[a gnoll sergeant] (7)]
  5838 | D:6      | Slain by a gnoll

Illustrated notes

Levels and vault maps discovered:
D:1:      saegor_arrival_fortress, layout_loops_ring, serial_forest,
          infiniplex_forest_end_1, infiniplex_forest_clump_curved,
          infiniplex_forest_clump_tiny, infiniplex_forest_clump_large,
          infiniplex_forest_straight_3, infiniplex_forest_clump_double
D:2:      layout_loops_ring, uniq_jessica
D:3:      layout_basic, eat_drink_and_be_merry_uskayaw,
          cheibrodos_ashenzari_chains, serial_aquarium, aquarium_bridge_square
          [aquarium_subvault_bridge, aquarium_subvault_bridge,
          aquarium_subvault_window, aquarium_subvault_bridge],
          aquarium_bridge_square [aquarium_subvault_bridge,
          aquarium_subvault_wall, aquarium_subvault_bridge,
          aquarium_subvault_window], aquarium_window_fake,
          aquarium_window_corridor_2, aquarium_window_corner, aquarium_view_2c,
          ebering_ghost_reflecting_pool, dilly_ecumenical_altar_fadedgnrine
D:4:      kennysheep_six_static_rooms, layout_cave_pools, enter_ossuary_3
D:5:      layout_gridville, elyvilon_altar_3, minmay_temple_entry_butterflies,
          kennysheep_another_room, amcnicky_mini_rare_corridor_liquid
D:6:      layout_gridville, nicolae_concentric_dashed_squares_wild,
          nicolae_grassy_gnolls, uniq_grinder
Temple:   hellmonk_temple_forest_ring

Skill      XL: |  1  2  3  4  5  6  7  8 |
---------------+-------------------------+-----
Axes           | 3 4 5 6 7 |  7.4
Fighting       | 4 5 6 7 |  7.4
Armour         | 4 5 6 |  6.7
Shields        | 4 5 |  5.3
Invocations    | 2 |  2.2
Throwing       | 1 |  1.4
Dodging        | 1 |  1.2

Action                   |  1- 3 |  4- 6 |  7- 9 || total
-------------------------+-------+-------+-------++-------
Melee: War axe           |    86 |   210 |   185 ||   481
Throw: Dart              |       |     5 |    13 ||    18
  Use: Scroll            |       |     5 |     2 ||     7
Armor: Scale mail        |    34 |    91 |    62 ||   187
Dodge: Dodged            |    48 |   136 |   155 ||   339
Block: Buckler           |    22 |    45 |    46 ||   113
